 Dungeon Crawl Stone Soup version 0.18-a0-917-g8a3da5b (webtiles) character file.

4748 filipzpl the Fighter (level 10, 0/94 HPs)
             Began as a Purple Draconian Berserker on Dec 26, 2015.
             Was a High Priest of Trog.
             Slain by Erica
             ... wielding a +4 scimitar of flaming
              (8 damage)
             ... on level 8 of the Dungeon.
             The game lasted 00:21:55 (9636 turns).

filipzpl the Fighter (Purple Draconian Berserker)   Turns: 9636, Time: 00:21:56

Health: 0/94       AC:  9    Str: 26    XL:     10   Next: 23%
Magic:  10/10      EV:  9    Int:  7    God:    Trog [*****.]
Gold:   521        SH: 12    Dex: 11    Spells: 0 memorised, 9 levels left

rFire  . . .     SeeInvis .     a - +1 hand axe
rCold  . . .     Gourm    .     (armour unavailable)
rNeg   + . .     Faith    .     n - +0 large shield
rPois  .         Spirit   .     (helmet restricted)
rElec  .         Dismiss  .     (no cloak)
rCorr  .         Reflect  .     (no gloves)
SustAt .         Harm     .     h - +1 pair of boots
MR     ++++.     Clarity  +     f - amulet of the Four Winds {rN+ MR+++ Clar}
Stlth  +.........               (no ring)
                                z - +3 ring of strength

@: incredibly resistant to hostile enchantments, very unstealthy
A: breathe power, unfitting armour, cold-blooded, AC +7
a: Breathe Dispelling Energy, Berserk, Trog's Hand, Brothers in Arms, Burn
Spellbooks, Renounce Religion


You were on level 8 of the Dungeon.
You worshipped Trog.
Trog was extremely pleased with you.
You were not hungry.

You visited 1 branch of the dungeon, and saw 8 of its levels.

You collected 521 gold pieces.

Inventory:

Hand Weapons
 a - a +1 hand axe (weapon)
Armour
 h - a +1 pair of boots (worn)
 n - a +0 large shield (worn)
Jewellery
 f - the amulet of the Four Winds (around neck) {rN+ MR+++ Clar}
   (You found it on level 7 of the Dungeon)

   [amulet of nothing]

   It protects you from negative energy.
   It affects your resistance to hostile enchantments.
   It protects you against confusion.
 z - a +3 ring of strength (left hand)
Wands
 y - a wand of confusion (18/48)
Scrolls
 b - a scroll of identify
 c - 5 scrolls of blinking
 d - 2 scrolls of enchant weapon
 g - a scroll of enchant armour
 j - 4 scrolls of remove curse
 k - a scroll of magic mapping
 m - a scroll of teleportation
 o - a scroll of fog
 s - 2 scrolls of recharging
Potions
 e - a potion of resistance
 i - 4 potions of heal wounds {unknown}
 l - 5 potions of magic {unknown}
 p - 3 potions of haste {unknown}
 q - 5 potions of curing {unknown}
 r - a potion of mutation {unknown}
 t - a potion of agility {unknown}
 u - 2 potions of poison {unknown}
 v - 3 potions of lignification {unknown}
Comestibles
 w - a meat ration


   Skills:
 * Level 10.8 Fighting
 * Level 10.1 Axes
 + Level 6.6 Dodging


You had 9 spell levels left.
You didn't know any spells.

Dungeon Overview and Level Annotations

Branches:
Dungeon (8/15)             Temple (0/1) D:4
   Lair: D:8-11

Altars:
Cheibriados
Dithmenos
Fedhas
Nemelex Xobeh
Pakellas
Xom

Annotations:
D:8 Erica


Innate Abilities, Weirdness & Mutations

You can breathe bolts of dispelling energy.
Your rich purple scales are hard (AC +7).
Your body does not fit into most forms of armour.
You are cold-blooded and may be slowed by cold attacks.


Message History

Deactivating autopickup; reactivate with Ctrl-A.
Something tries to affect you, but you resist.
You slash something!
Your tail-slap misses something.
Something hits you. Something burns you.
You hit something. Something hits you. Something burns you.
* * * LOW HITPOINT WARNING * * *
You hit something. Something hits you but does no damage.
You closely miss something.
Your tail-slap misses something.
You miss something.
Your tail-slap misses something.
Something hits you but does no damage.
You miss something.
Your tail-slap misses something.
Something hits you!
* * * LOW HITPOINT WARNING * * *
Something burns you.
* * * LOW HITPOINT WARNING * * *
You slash something! Something hits you.
* * * LOW HITPOINT WARNING * * *
Something burns you.
* * * LOW HITPOINT WARNING * * *
You closely miss something. Something hits you!
You die...

#....####.#.........
###.#.##.#..#.......
####...#>........## .
##.............# ..
##)............ ...
####.#...#......##....
##.......##............
........###...........#
..........)...†@.......
###.###..##)>.{........
#.###..##............
##.....#.............
#.......###..#.....
##...##..##..##....
###)####.....# #...
######..#.## ...... ...
#..........# ...


There were no monsters in sight!

Vanquished Creatures
  The ghost of Duffy the Basher, a novice OgHu of Cheibriados (D:8)
  The ghost of JokEr the Fighter, a novice OgBe of Trog (D:5)
  The ghost of Rayvis the Chopper, an amateur DsFi (D:6)
  3 yaks (D:8)
  2 wargs (D:8)
  2 ice beasts
  Duvessa (D:4)
  2 sky beasts
  4 ogres
  5 centaurs
  A wyvern zombie (D:6)
  Dowan (D:4)
  2 giant frogs (D:6)
  4 killer bees (D:8)
  2 crimson imps
  Crazy Yiuf (D:7)
  4 hounds
  2 iguanas
  2 orc priests
  4 orc wizards
  2 giant frog skeletons
  Natasha (thrice) (D:4)
  A killer bee zombie (D:8)
  11 worker ants
  2 hound skeletons
  2 worker ant zombies
  3 gnolls (D:4)
  2 shadow imps
  9 adders
  2 adder skeletons (D:4)
  3 worms
  3 giant geckos
  26 orcs
  3 giant cockroaches
  8 goblins
  12 hobgoblins
  14 jackals
  7 kobolds
  3 quokkas
  3 ball pythons
  10 bats
  A giant gecko skeleton (D:6)
  A giant gecko zombie (D:8)
  10 giant newts
  6 rats
192 creatures vanquished.

Notes
Turn   | Place    | Note
--------------------------------------------------------------
     0 | D:1      | filipzpl the Draconian Berserker began the quest for the Orb.
     0 | D:1      | Reached XP level 1. HP: 19/19 MP: 1/1
   339 | D:1      | Reached XP level 2. HP: 24/26 MP: 2/2
   960 | D:1      | Reached XP level 3. HP: 20/33 MP: 3/3
   969 | D:1      | Reached skill level 4 in Fighting
  1188 | D:2      | Reached ** piety under Trog
  1264 | D:2      | Found a shadowy altar of Dithmenos.
  1334 | D:2      | Reached XP level 4. HP: 22/41 MP: 4/4
  1998 | D:3      | Reached XP level 5. HP: 47/47 MP: 5/5
  2274 | D:3      | Reached *** piety under Trog
  2401 | D:3      | Reached skill level 5 in Fighting
  2806 | D:4      | Noticed an ice beast
  2807 | D:4      | Noticed an ogre
  2816 | D:4      | Killed an ogre
  2819 | D:4      | Killed an ice beast
  2819 | D:4      | Reached skill level 5 in Axes
  2819 | D:4      | Reached XP level 6. HP: 57/57 MP: 6/6
  2870 | D:4      | Noticed Natasha
  2914 | D:4      | Killed Natasha
  3114 | D:4      | Reached skill level 6 in Fighting
  3157 | D:4      | Found a blossoming altar of Fedhas.
  3348 | D:4      | Noticed Natasha
  3357 | D:4      | Killed Natasha
  3360 | D:4      | Noticed Natasha
  3368 | D:4      | Killed Natasha
  3421 | D:4      | Your scales start taking on a rich purple colour.
  3421 | D:4      | Reached XP level 7. HP: 59/63 MP: 7/7
  3463 | D:4      | Found a staircase to the Ecumenical Temple.
  3922 | D:4      | Found a shimmering altar of Xom.
  3971 | D:4      | Found an oddly glowing altar of Pakellas.
  4154 | D:4      | Noticed Duvessa
  4154 | D:4      | Noticed Dowan
  4163 | D:4      | Killed Duvessa
  4199 | D:4      | Killed Dowan
  4298 | D:4      | Reached **** piety under Trog
  4539 | D:5      | Entered Level 5 of the Dungeon
  4618 | D:5      | Reached skill level 7 in Fighting
  4667 | D:5      | Noticed JokEr's ghost (novice OgBe)
  5021 | D:5      | Killed JokEr's ghost
  5021 | D:5      | Reached skill level 8 in Fighting
  5021 | D:5      | Reached skill level 5 in Dodging
  5021 | D:5      | Reached XP level 8. HP: 58/74 MP: 8/8
  5618 | D:5      | Found a sparkling altar of Nemelex Xobeh.
  5815 | D:6      | Noticed Rayvis's ghost (amateur DsFi)
  5828 | D:6      | Killed Rayvis's ghost
  6112 | D:6      | Reached XP level 9. HP: 79/82 MP: 9/9
  6120 | D:6      | Reached skill level 9 in Fighting
  7562 | D:7      | Noticed Crazy Yiuf
  7569 | D:7      | Killed Crazy Yiuf
  8247 | D:8      | Noticed Duffy's ghost (novice OgHu)
  8309 | D:8      | Killed Duffy's ghost
  8309 | D:8      | Reached skill level 10 in Fighting
  8713 | D:8      | Reached ***** piety under Trog
  8713 | D:8      | Reached XP level 10. HP: 22/94 MP: 10/10
  8749 | D:7      | HP: 1/94 [something (6)]
  9428 | D:8      | Found a snail-covered altar of Cheibriados.
  9565 | D:8      | Reached skill level 10 in Axes
  9620 | D:8      | Noticed Erica
  9636 | D:8      | Slain by Erica

Vault maps used:
D:1:      lightli_arrival_maybe_door_vault
D:2:      first_bread, grunt_dithmenos_smoke
D:4:      fedhas_altar_3, marbit_many_paths, grunt_pakellas_mercury,
          temple_statues, hangedman_abyss_or_decor_stabs, uniq_duvessa,
          uniq_natasha
D:5:      old_standard_altar, serial_bayou_crossing
D:6:      lemuel_upstairs_altar
D:7:      minmay_parallelograms, uniq_crazy_yiuf_cottage
D:8:      lemuel_castle_with_subvaults, kennysheep_mini_moat,
          nicolae_overflow_crystal_walls, uniq_erica

Action                   |  1- 3 |  4- 6 |  7- 9 | 10-12 || total
-------------------------+-------+-------+-------+-------++-------
Melee: Hand axe          |   140 |   152 |   471 |   110 ||   873
Invok: Berserk           |       |     3 |     5 |     1 ||     9
       Burn Spellbooks   |       |     1 |     2 |       ||     3
       Trog's Hand       |       |       |     1 |       ||     1
 Abil: Breathe Dispellin |       |       |     1 |       ||     1
  Use: Scroll            |       |     9 |     6 |       ||    15
 Stab: Sleeping          |     2 |       |     1 |       ||     3
  Eat: Fruit             |       |     2 |       |       ||     2
       Royal jelly       |       |     1 |     1 |       ||     2
       Bread ration      |       |     1 |     2 |     1 ||     4
       Chunk             |       |     3 |       |       ||     3
       Beef jerky        |       |       |     1 |       ||     1
       Pizza             |       |       |     1 |       ||     1
       Meat ration       |       |       |     2 |       ||     2
